PCL
DISTRICT 9 PRAWNS @ ALBUQUERQUE ISOTOPES
04/27/2026
 
TOP OF THE 1ST
District 9 Prawns batting - Pitching for Albuquerque Isotopes : RHP Raúl Ruíz
Pitching: RHP Raúl Ruíz
Batting: RHB Félix Sánchez 0-0: SINGLE (Groundball, 56D) (infield hit)
Batting: RHB Rafael González 0-0: Called Strike
0-1: Ball
1-1: Ball
2-1: Swinging Strike
2-2: DOUBLE (Line Drive, 78D)
Félix Sánchez to third
Pinch Runner at 2nd Alfredo Rangel:
Batting: LHB Leonard Harvey 0-0: Ball
1-0: Ball
2-0: Called Strike
2-1: Foul Ball, location: 2F
2-2: Strikes out looking
Batting: SHB Mark Pope 0-0: Ball
1-0: Called Strike
1-1: Foul Ball, location: 2F
1-2: SINGLE (Line Drive, 78S)
Félix Sánchez scores
Alfredo Rangel to third
Batting: RHB Lateef Makini 0-0: Ball
1-0: Ball
2-0: Grounds into double play, 6-4-3 (Groundball, 6M)
Top of the 1st over - 1 run(s), 3 hit(s), 0 error(s), 1 left on base; District 9 1 - Albuquerque 0
BOTTOM OF THE 1ST
Albuquerque Isotopes batting - Pitching for District 9 Prawns : RHP Jeff Townsend
Pitching: RHP Jeff Townsend
Now at SS: Alfredo Rangel
Batting: RHB Juan Alberto 0-0: Ground out 6-3 (Groundball, 6)
Batting: RHB Juan Vareas 0-0: Swinging Strike
0-1: Ball
1-1: Ball
2-1: Ground out 4-3 (Groundball, 13)
Batting: SHB Lee Townsend 0-0: Called Strike
0-1: Swinging Strike
0-2: Strikes out swinging
Bottom of the 1st over - 0 run(s), 0 hit(s), 0 error(s), 0 left on base; District 9 1 - Albuquerque 0
TOP OF THE 2ND
District 9 Prawns batting - Pitching for Albuquerque Isotopes : RHP Raúl Ruíz
Batting: LHB Leonard Young 0-0: Called Strike
0-1: Ball
1-1: Foul Ball, location: 2F
1-2: Strikes out swinging
Batting: RHB Brian Jackson 0-0: SINGLE (Line Drive, 4D)
Batting: RHB Lúcio García 0-0: Called Strike
0-1: Swinging Strike
0-2: Ball
1-2: Ball
2-2: Strikes out swinging
Batting: RHB Tony Guzmán 0-0: Called Strike
0-1: Called Strike
0-2: SINGLE (Groundball, 56D)
Brian Jackson to second
Batting: RHB Félix Sánchez 0-0: Called Strike
0-1: Ball
1-1: Ball
2-1: Ball
3-1: Foul Ball, location: 2F
3-2: Foul Ball, location: 2F
3-2: Ground out 6-3 (Groundball, 56)
Top of the 2nd over - 0 run(s), 2 hit(s), 0 error(s), 2 left on base; District 9 1 - Albuquerque 0
BOTTOM OF THE 2ND
Albuquerque Isotopes batting - Pitching for District 9 Prawns : RHP Jeff Townsend
Batting: LHB Mark Vestal 0-0: Called Strike
0-1: Ball
1-1: Called Strike
1-2: Ball
2-2: Strikes out looking
Batting: LHB Bernardo Montés 0-0: Foul Ball, location: 2F
0-1: Ball
1-1: Swinging Strike
1-2: Hit by Pitch
Batting: RHB Arturo García 0-0: Ball
1-0: Called Strike
1-1: Foul Ball, location: 2F
1-2: Foul Ball, location: 2F
1-2: Foul Ball, location: 2F
1-2: Ball
2-2: Foul Ball, location: 2F
2-2: SINGLE (Groundball, 4M)
Bernardo Montés to second
Batting: RHB Wilson Gonzáles 0-0: Foul Ball, location: 2F
0-1: Fly out, F7 (Flyball, 78M)
Batting: RHB Luis Martínez 0-0: Called Strike
0-1: Fly out, F8 (Flyball, 78D)
Bottom of the 2nd over - 0 run(s), 1 hit(s), 0 error(s), 2 left on base; District 9 1 - Albuquerque 0
TOP OF THE 3RD
District 9 Prawns batting - Pitching for Albuquerque Isotopes : RHP Raúl Ruíz
Batting: RHB Alfredo Rangel 0-0: Swinging Strike
0-1: Hit by Pitch
Batting: LHB Leonard Harvey 0-0: Ball
1-0: Foul Ball, location: 2F
1-1: Called Strike
1-2: Fielders Choice at 2nd, 4-6 (Groundball, 4)
Batting: SHB Mark Pope Pickoff Throw to First - Out!
0-0: Ball
1-0: Foul Ball, location: 2F
1-1: Ground out 1-3 (Groundball, 13S)
Top of the 3rd over - 0 run(s), 0 hit(s), 0 error(s), 0 left on base; District 9 1 - Albuquerque 0
BOTTOM OF THE 3RD
Albuquerque Isotopes batting - Pitching for District 9 Prawns : RHP Jeff Townsend
Batting: LHB António De Los Ángeles 0-0: Called Strike
0-1: Swinging Strike
0-2: Ball
1-2: Ball
2-2: Ball
3-2: Foul Ball, location: 2F
3-2: Fly out, F8 (Flyball, 8RM)
Batting: RHB Juan Alberto 0-0: Called Strike
0-1: Ground out 4-3 (Groundball, 4)
Batting: RHB Juan Vareas 0-0: Foul Ball, location: 2F
0-1: Foul Ball, location: 2F
0-2: Ground out 6-3 (Groundball, 56)
Bottom of the 3rd over - 0 run(s), 0 hit(s), 0 error(s), 0 left on base; District 9 1 - Albuquerque 0
TOP OF THE 4TH
District 9 Prawns batting - Pitching for Albuquerque Isotopes : RHP Raúl Ruíz
Batting: RHB Lateef Makini 0-0: SINGLE (Line Drive, 6MD)
Batting: LHB Leonard Young 0-0: Called Strike
0-1: Ground out U3 (Groundball, 3S)
Lateef Makini to second
Batting: RHB Brian Jackson 0-0: Called Strike
0-1: Ball
1-1: Called Strike
1-2: Ball
2-2: Strikes out looking
Batting: RHB Lúcio García 0-0: Ball
1-0: Called Strike
1-1: SINGLE (Line Drive, 56D)
Lateef Makini to third
Runner from 3rd tries for Home, SAFE, no throw or cutoff
Batting: RHB Tony Guzmán 0-0: Called Strike
Lúcio García steals 2nd base
0-1: Called Strike
0-2: Ball
1-2: Fly out, F4 (Popup, 4)
Top of the 4th over - 1 run(s), 2 hit(s), 0 error(s), 1 left on base; District 9 2 - Albuquerque 0
BOTTOM OF THE 4TH
Albuquerque Isotopes batting - Pitching for District 9 Prawns : RHP Jeff Townsend
Batting: SHB Lee Townsend 0-0: Ball
1-0: Called Strike
1-1: Ball
2-1: Ball
3-1: Base on Balls
Batting: LHB Mark Vestal 0-0: Ball
1-0: Ball
2-0: Called Strike
2-1: Ball
3-1: Called Strike
Lee Townsend steals 2nd base
3-2: Strikes out swinging
Batting: LHB Bernardo Montés 0-0: Ground out 4-3 (Groundball, 34)
Lee Townsend to third
Batting: RHB Arturo García 0-0: Fly out, F8 (Flyball, 8LS)
Bottom of the 4th over - 0 run(s), 0 hit(s), 0 error(s), 1 left on base; District 9 2 - Albuquerque 0
TOP OF THE 5TH
District 9 Prawns batting - Pitching for Albuquerque Isotopes : RHP Raúl Ruíz
Batting: RHB Félix Sánchez 0-0: Swinging Strike
0-1: SINGLE (Line Drive, 56D)
Batting: RHB Alfredo Rangel 0-0: DOUBLE (Line Drive, 5L)
Félix Sánchez to third
Batting: LHB Leonard Harvey 0-0: DOUBLE (Line Drive, 78XD)
Félix Sánchez scores
Alfredo Rangel scores
Batting: SHB Mark Pope 0-0: Swinging Strike
0-1: Ball
1-1: Ball
2-1: Foul Ball, location: 2F
2-2: Fly out, F4 (Popup, 13)
Batting: RHB Lateef Makini 0-0: Ball
1-0: Ball
2-0: Ground out 1-3 (Groundball, 15)
Batting: LHB Leonard Young 0-0: Ball
1-0: Called Strike
1-1: Fly out, F9 (Flyball, 9LM)
Top of the 5th over - 2 run(s), 3 hit(s), 0 error(s), 1 left on base; District 9 4 - Albuquerque 0
BOTTOM OF THE 5TH
Albuquerque Isotopes batting - Pitching for District 9 Prawns : RHP Jeff Townsend
Batting: RHB Wilson Gonzáles 0-0: Called Strike
0-1: Foul Ball, location: 2F
0-2: Fly out, F9 (Flyball, 9LS)
Batting: RHB Luis Martínez 0-0: Ball
1-0: Foul Ball, location: 2F
1-1: Ball
2-1: SINGLE (Line Drive, 5L)
Batting: LHB António De Los Ángeles 0-0: Ball
Luis Martínez is caught stealing 2nd base
1-0: SINGLE (Groundball, 34)
Batting: RHB Juan Alberto 0-0: Called Strike
0-1: Called Strike
0-2: Ball
1-2: Ball
2-2: Ball
3-2: Base on Balls
António De Los Ángeles to second
Batting: RHB Juan Vareas 0-0: Ball
1-0: Called Strike
1-1: Ball
2-1: Swinging Strike
2-2: Ground out 4-3 (Groundball, 4)
Bottom of the 5th over - 0 run(s), 2 hit(s), 0 error(s), 2 left on base; District 9 4 - Albuquerque 0
TOP OF THE 6TH
District 9 Prawns batting - Pitching for Albuquerque Isotopes : RHP Raúl Ruíz
Batting: RHB Brian Jackson 0-0: Ball
1-0: Called Strike
1-1: Called Strike
1-2: Ball
2-2: Foul Ball, location: 2F
2-2: Ground out 5-3 (Groundball, 56S)
Batting: RHB Lúcio García 0-0: Foul Ball, location: 2F
0-1: Foul Ball, location: 2F
0-2: Foul Ball, location: 2F
0-2: Ball
1-2: Ball
2-2: Ball
3-2: Base on Balls
Pitching: RHP Unissa Hondo
Batting: RHB Tony Guzmán 0-0: Ball
Lúcio García is caught stealing 2nd base
1-0: Ground out 3-4 (Groundball, 3)
Top of the 6th over - 0 run(s), 0 hit(s), 0 error(s), 0 left on base; District 9 4 - Albuquerque 0
BOTTOM OF THE 6TH
Albuquerque Isotopes batting - Pitching for District 9 Prawns : RHP Jeff Townsend
Batting: SHB Lee Townsend 0-0: Fly out, F8 (Flyball, 8LXD)
Batting: LHB Mark Vestal 0-0: Foul Ball, location: 2F
0-1: Called Strike
0-2: Ball
1-2: Strikes out swinging
Batting: LHB Bernardo Montés 0-0: Ball
1-0: Ball
2-0: Ball
3-0: Base on Balls
Pitching: RHP Emílio Cordero
Batting: RHB Arturo García 0-0: Ball
1-0: Ball
2-0: Called Strike
2-1: Ground out 4-3 (Groundball, 4MS)
Bottom of the 6th over - 0 run(s), 0 hit(s), 0 error(s), 1 left on base; District 9 4 - Albuquerque 0
TOP OF THE 7TH
District 9 Prawns batting - Pitching for Albuquerque Isotopes : RHP Unissa Hondo
Batting: RHB Félix Sánchez 0-0: Called Strike
0-1: Foul Ball, location: 2F
0-2: Ball
1-2: Ground out 4-3 (Groundball, 4MS)
Batting: RHB Alfredo Rangel 0-0: Foul Ball, location: 2F
0-1: Swinging Strike
0-2: Strikes out swinging
Batting: LHB Leonard Harvey 0-0: Foul Ball, location: 2F
0-1: Ball
1-1: Foul Ball, location: 2F
1-2: Ball
2-2: Ball
3-2: Base on Balls
Batting: SHB Mark Pope 0-0: Ball
1-0: Ball
2-0: Swinging Strike
2-1: Swinging Strike
2-2: Ball
3-2: Ground out U3 (Groundball, 3S)
Top of the 7th over - 0 run(s), 0 hit(s), 0 error(s), 1 left on base; District 9 4 - Albuquerque 0
BOTTOM OF THE 7TH
Albuquerque Isotopes batting - Pitching for District 9 Prawns : RHP Emílio Cordero
Batting: RHB Wilson Gonzáles 0-0: Called Strike
0-1: Foul Ball, location: 2F
0-2: Foul Ball, location: 2F
0-2: TRIPLE (Flyball, 9D)
Batting: RHB Luis Martínez 0-0: Ball
1-0: Ball
2-0: Ball
3-0: Called Strike
3-1: Foul Ball, location: 2F
3-2: Foul Ball, location: 2F
3-2: Strikes out swinging
Batting: LHB António De Los Ángeles 0-0: Ground out 4-3 (Groundball, 4)
Wilson Gonzáles scores
Batting: RHB Juan Alberto 0-0: Called Strike
0-1: Ball
1-1: Ball
2-1: Called Strike
2-2: Strikes out looking
Bottom of the 7th over - 1 run(s), 1 hit(s), 0 error(s), 0 left on base; District 9 4 - Albuquerque 1
TOP OF THE 8TH
District 9 Prawns batting - Pitching for Albuquerque Isotopes : RHP Unissa Hondo
Batting: RHB Lateef Makini 0-0: Fly out, F7 (Flyball, 7M)
Pitching: RHP Cory Lowe
Batting: LHB Leonard Young 0-0: Foul Ball, location: 2F
0-1: Ball
1-1: Ball
2-1: Ball
3-1: Called Strike
3-2: Foul Ball, location: 2F
3-2: Base on Balls
Batting: RHB Brian Jackson 0-0: Ball
1-0: Ball
2-0: Foul Ball, location: 2F
2-1: Foul Ball, location: 2F
2-2: Strikes out swinging
Batting: RHB Lúcio García 0-0: Ball
1-0: Swinging Strike
1-1: Ball
2-1: Foul Ball, location: 2F
2-2: Ball
3-2: Strikes out swinging
Top of the 8th over - 0 run(s), 0 hit(s), 0 error(s), 1 left on base; District 9 4 - Albuquerque 1
BOTTOM OF THE 8TH
Albuquerque Isotopes batting - Pitching for District 9 Prawns : RHP Emílio Cordero
Batting: RHB Juan Vareas 0-0: Ball
1-0: Fly out, F8 (Flyball, 78S)
Batting: SHB Lee Townsend 0-0: Called Strike
0-1: Foul Ball, location: 2F
0-2: Ball
1-2: Foul Ball, location: 2F
1-2: Strikes out looking
Batting: LHB Mark Vestal 0-0: Called Strike
0-1: Ball
1-1: Ball
2-1: Ball
3-1: Base on Balls
Pitching: RHP Eric Love
Batting: LHB Bernardo Montés 0-0: Ball
1-0: Called Strike
1-1: Ball
2-1: Foul Ball, location: 2F
2-2: Foul Ball, location: 2F
2-2: Ball
3-2: Ground out 1-3 (Groundball, 23)
Bottom of the 8th over - 0 run(s), 0 hit(s), 0 error(s), 1 left on base; District 9 4 - Albuquerque 1
TOP OF THE 9TH
District 9 Prawns batting - Pitching for Albuquerque Isotopes : RHP Cory Lowe
Batting: RHB Tony Guzmán 0-0: Called Strike
0-1: Foul Ball, location: 2F
0-2: Strikes out swinging
Batting: RHB Félix Sánchez 0-0: Ball
1-0: Called Strike
1-1: Ball
2-1: Foul Ball, location: 2F
2-2: Foul Ball, location: 2F
2-2: Foul Ball, location: 2F
2-2: Ball
3-2: TRIPLE (Flyball, 8LXD)
Batting: RHB Alfredo Rangel 0-0: Foul Ball, location: 2F
0-1: Foul Ball, location: 2F
0-2: Ball
1-2: Strikes out looking
Batting: LHB Leonard Harvey 0-0: Swinging Strike
0-1: Foul Ball, location: 2F
0-2: Strikes out swinging
Top of the 9th over - 0 run(s), 1 hit(s), 0 error(s), 1 left on base; District 9 4 - Albuquerque 1
BOTTOM OF THE 9TH
Albuquerque Isotopes batting - Pitching for District 9 Prawns : RHP Eric Love
Pitching: RHP Johnathan McJannett
Batting: RHB Arturo García 0-0: Called Strike
0-1: Called Strike
0-2: Foul Ball, location: 2F
0-2: Ball
1-2: Strikes out looking
Batting: RHB Wilson Gonzáles 0-0: Foul Ball, location: 2F
0-1: Ball
1-1: Ground out 6-3 (Groundball, 6)
Batting: RHB Luis Martínez 0-0: Called Strike
0-1: Ball
1-1: Swinging Strike
1-2: Fly out, F8 (Flyball, 8RXD)
Bottom of the 9th over - 0 run(s), 0 hit(s), 0 error(s), 0 left on base; District 9 4 - Albuquerque 1
Monday, December 5th, 2016 - OOTP Baseball 17.12 Build 75